 Dungeon Crawl Stone Soup version 0.28-a0-881-gae16bb6c82 (webtiles) character file.

Game seed: 11119158986989389170

99684 Htamos the Severer (level 16, -5/152 HPs)
             Began as a Hill Orc Fighter on Nov 21, 2021.
             Was a High Priest of Beogh.
             Slain by a fenstrider witch (6 damage)
             ... on level 4 of the Swamp.
             The game lasted 01:18:57 (34845 turns).

Htamos the Severer (Hill Orc Fighter)              Turns: 34845, Time: 01:18:58

Health: -5/152     AC:  9    Str: 27    XL:     16   Next: 25%
Magic:  22/22      EV: 13    Int:  8    God:    Beogh [*****.]
Gold:   1125       SH: 11    Dex: 10    Spells: 15/15 levels left

rFire   . . .      SeeInvis .   u - +3 hand axe (flame)
rCold   . . .      Faith    +   S - +0 kite shield {rN+}
rNeg    + + .      Spirit   .   W - +0 troll leather armour
rPois   .          Reflect  .   j - +0 helmet
rElec   .          Harm     .   I - +0 cloak
rCorr   +          Rampage  .   (no gloves)
Will    +....                   (no boots)
Stlth   +.........              y - amulet of faith
HPRegen 0.35/turn               A - ring of resist corrosion
MPRegen 0.18/turn               B - ring of Bonyxaiw {rN+ Str+5 Dex-2}

@: no status effects
A: walk on water, hooves 1, clumsy 1, high mp 1
a: Renounce Religion, Smiting, Recall Orcish Followers, Give Item to Named
Follower


You were on level 4 of the Swamp.
You worshipped Beogh.
Beogh was extremely pleased with you.
You visited 3 branches of the dungeon, and saw 24 of its levels.

You collected 1750 gold pieces.
You spent 625 gold pieces at shops.

Inventory:

Hand Weapons
 a - a +3 war axe of freezing
 u - a +3 hand axe of flaming (weapon)
 D - the +2 falchion "Hill Orc's Bane" {vorpal, rF+++ rC++ rCorr Dex-3}
   (You found it on level 6 of the Dungeon)

   It inflicts extra damage upon your enemies.
   Dex:       It affects your dexterity (-3).
   rF:        It renders you almost immune to fire.
   rC:        It greatly protects you from cold.
   rCorr:     It protects you from acid and corrosion.
 O - a +0 long sword of holy wrath
 T - the +9 dagger of Makhleb's Envy {vorpal, +Blink rN+ Str-2 Int+3}
   (You found it on level 9 of the Dungeon)

   It inflicts extra damage upon your enemies.
   Str:       It affects your strength (-2).
   Int:       It affects your intelligence (+3).
   rN:        It protects you from negative energy.
   +Blink:    It lets you blink.
 V - a +0 battleaxe
 Y - a +3 vorpal great mace
Missiles
 p - 163 poisoned darts (quivered)
Armour
 j - a +0 helmet (worn)
 m - a +2 plate armour
 z - a scarf of repulsion
 I - a +0 cloak (worn)
 P - +0 acid dragon scales
 S - a +0 kite shield of positive energy (worn)
 U - a +2 plate armour of poison resistance
 W - a +0 troll leather armour (worn)
Jewellery
 b - a ring of protection from fire
 d - a ring of ice
 e - a +4 ring of protection
 n - an amulet of the acrobat
 w - a ring of poison resistance
 y - an amulet of faith (around neck)
 A - a ring of resist corrosion (left hand)
 B - the ring of Bonyxaiw (right hand) {rN+ Str+5 Dex-2}
   (You found it on level 5 of the Dungeon)

   [ring of positive energy]

   Str:       It affects your strength (+5).
   Dex:       It affects your dexterity (-2).
   rN:        It protects you from negative energy.
 E - the ring of Ezees {rElec Will- rCorr Str+2 Int+2}
   (You found it on level 14 of the Dungeon)

   [ring of resist corrosion]

   Str:       It affects your strength (+2).
   Int:       It affects your intelligence (+2).
   rElec:     It insulates you from electricity.
   rCorr:     It protects you from acid and corrosion.
   Will:      It decreases your willpower.
 G - a ring of fire
 J - a ring of positive energy
 M - a ring of positive energy
 Q - a +6 ring of dexterity
Wands
 c - a wand of digging (3)
 o - a wand of flame (4)
 r - a wand of mindburst (16)
 v - a wand of polymorph (10)
 x - a wand of iceblast (3)
Scrolls
 i - 5 scrolls of teleportation
 k - 4 scrolls of magic mapping
 q - 3 scrolls of fog
 s - a scroll of enchant weapon
 t - 2 scrolls of amnesia
 F - 5 scrolls of identify {@rr}
 H - a scroll of acquirement {unknown}
 K - 2 scrolls of holy word
 L - a scroll of silence {unknown}
 N - a scroll of torment
 R - a scroll of brand weapon {unknown}
Potions
 f - 2 potions of might
 g - 6 potions of flight
 h - a potion of haste
 l - 3 potions of magic
 X - a potion of cancellation
 Z - 3 potions of brilliance
Miscellaneous
 C - a lightning rod (4/4)


   Skills:
 + Level 16.5 Fighting
 + Level 17.4 Axes
 + Level 14.3 Armour
 + Level 8.3 Dodging
 + Level 11.4 Shields
 * Level 6.5 Invocations
 - Level 8.7 Evocations


You had 15 spell levels left.
You didn't know any spells.
Your spell library contained the following spells:

 Spells                   Type           Power      Damage    Failure   Level
 Animate Skeleton         Necr           0%         N/A       58%         1
 Beastly Appendage        Tmut           0%         N/A       58%         1
 Freeze                   Ice            0%         1d3       58%         1
 Pain                     Necr           0%         1d4       58%         1
 Blink                    Tloc           0%         N/A       75%         2
 Static Discharge         Conj/Air       0%         N/A       75%         2
 Wereblood                Tmut           0%         N/A       75%         2
 Frozen Ramparts          Ice            0%         1d2       92%         3
 Ignite Poison            Fire/Tmut/Pois 0%         N/A       92%         3
 Lesser Beckoning         Tloc           0%         N/A       92%         3
 Spider Form              Tmut/Pois      0%         N/A       92%         3
 Vampiric Draining        Necr           0%         2d6       92%         3
 Animate Armour           Summ/Erth      0%         N/A       100%        4
 Dispel Undead            Necr           0%         3d6       100%        4
 Hailstorm                Conj/Ice       0%         3d3       100%        4
 Sticky Flame             Conj/Fire      0%         2d3       100%        4
 Agony                    Necr           0%         N/A       100%        5
 Blade Hands              Tmut           0%         N/A       100%        5
 Manifold Assault         Tloc           0%         N/A       100%        5
 Iron Shot                Conj/Erth      0%         9d1       100%        6
 Statue Form              Tmut/Erth      0%         N/A       100%        6
 Haunt                    Necr/Summ      0%         N/A       100%        7
 Necromutation            Tmut/Necr      0%         N/A       100%        8


Dungeon Overview and Level Annotations

Branches:
Dungeon (15/15)            Temple (0/1) D:4            Lair (5/6) D:9
  Swamp (4/4) Lair:2        Snake (0/4) Lair:2        Slime (0/5) Lair:5
    Orc (0/2) D:12         Vaults (0/5) D:13         Depths (0/4) D:15

Altars:
Cheibriados
Dithmenos
Fedhas
Hepliaklqana
Nemelex Xobeh
Okawaru
Sif Muna
Trog
Uskayaw
Wu Jian
Zin
The Shining One

Shops:
D:4 *   D:8 [

Portals:
Trove: D:10 (give 2 scrolls of acquirement)

Annotations:
D:15 2 transporters, MirrMurr's ghost, journeyman SpEn


Innate Abilities, Weirdness & Mutations

You can walk on water.
You have large cloven feet.
You are clumsy. (Dex -2)
You have an increased reservoir of magic. (+10% MP)


Message History

A fenstrider witch comes into view.
Your orc warrior is engulfed in poison gas.
Your orc warrior is poisoned.
As you read the scroll of teleportation, it crumbles to dust.
You feel strangely unstable.
Unknown command.
Your surroundings suddenly seem different. 6 hydras, a lindwurm, a swamp drake and 3 swamp dragons come into view.
Found a shiny opal ring and a decaying rune of Zot.
The six-headed hydra roars!
The lindwurm roars!
The swamp dragon roars deafeningly! x2; The four-headed hydra roars! x2
The swamp drake roars!
The swamp dragon roars deafeningly!
The four-headed hydra roars!
You hear a deafening roar! x2; You hear a roar!
You hear a deafening roar!
You hear a roar! x2
Unknown command.
Unknown command.
As you read the scroll of teleportation, it crumbles to dust.
You feel strangely unstable.
A shambling mangrove comes into view.
The swamp dragon completely misses you. The swamp dragon claws you.
* * * LOW HITPOINT WARNING * * *
You block the swamp dragon's attack.
A swamp dragon comes into view.
A bunyip comes into view.
The bunyip gives a hideous shriek!
A swamp dragon comes into view.
Your surroundings suddenly seem different.
A tyrant leech comes into view.
The swamp dragon roars deafeningly!
Your orc warrior looks more healthy.
The fenstrider witch hits you but does no damage.
The fenstrider witch kicks you!
* * * LOW HITPOINT WARNING * * *
You block the swamp dragon's attack. The swamp dragon claws you.
* * * LOW HITPOINT WARNING * * *
The swamp dragon tramples you.
* * * LOW HITPOINT WARNING * * *
You hold your ground!
The fenstrider witch hits you but does no damage.
The fenstrider witch kicks you.
You die...

≈.♣ ♣ ♣≈ ♣♣♣♣♣
. ♣.. ♣♣§†.♣
.≈≈≈.♣♣♣♣.≈≈≈♣
≈≈≈...≈≈o≈≈≈≈♣
≈≈≈≈..♣≈≈≈≈≈≈♣
≈≈≈.≈♣≈≈≈D≈.♣♣
≈..♣ ♣≈.@H.≈♣
≈§≈...≈♣♣♣♣♣♣
≈.≈.≈§≈ ..w≈≈≈
..♣≈≈≈ ≈


You could see a swamp dragon, a fenstrider witch, a tyrant leech and a friendly
orc warrior.

Vanquished Creatures
  A thorn hunter (Swamp:4)
  Roxanne (Swamp:2)
  A tengu reaver (D:14)
  A fire giant (D:14)
  A juggernaut zombie (D:15)
  A stone giant (D:14)
  A bunyip (Swamp:3)
  An eleionoma (Swamp:2)
  Snorg (D:14)
  A great orb of eyes (D:14)
  A fire dragon (D:14)
  Josephine (Lair:4)
  Fannar (Lair:2)
  10 hydras
  A vault guard (D:13)
  2 boulder beetles
  A catoblepas (D:14)
  A death knight (D:14)
  4 centaur warriors
  3 alligators
  A tengu warrior (D:14)
  3 two-headed ogres (D:12)
  A vampire mage (D:15)
  2 spriggans
  A skeletal warrior (D:15)
  Nergalle (D:10)
  3 goliath frogs
  A swamp dragon (Swamp:4)
  A lindwurm (Swamp:4)
  5 bog bodies
  5 ugly things (D:14)
  An orc knight (D:15)
  A deep elf pyromancer (D:13)
  2 manticores
  2 will-o-the-wisps (Swamp:3)
  2 cyclopes
  4 black mambas
  3 elephants (Lair:5)
  6 cane toads
  8 komodo dragons
  2 unseen horrors (D:11)
  A freezing wraith (D:14)
  3 efreet
  A red devil (D:4)
  A merfolk (shapeshifter) (D:13)
  3 trolls
  3 polar bears
  3 tyrant leeches
  7 slime creatures
  20 blink frogs
  A hornet (Swamp:2)
  A wandering mushroom (Lair:2)
  Prince Ribbit (D:6)
  A centaur simulacrum (D:14)
  Sigmund (D:2)
  59 yaks
  A tarantella (shapeshifter) (D:15)
  5 wyverns
  6 wraiths
  Eustachio (D:4)
  6 basilisks
  Menkaure (D:7)
  A vampire mosquito (D:15)
  2 steam dragons
  2 nagas (Lair:2)
  14 swamp worms
  Duvessa (D:6)
  8 water moccasins
  3 acid dragons
  A swamp drake (Swamp:1)
  5 black bears
  A sky beast (D:6)
  2 ogres
  17 wolves
  3 orc warriors
  3 necrophages
  3 boggarts (D:11)
  9 centaurs
  2 kobold brigands (D:8)
  8 bullfrogs
  The ghost of ZeuX the Grasshopper, an amateur SpWr (D:3)
  A wyvern zombie (D:6)
  2 scorpions (D:4)
  A water moccasin skeleton (D:6)
  3 wights
  5 electric eels
  5 howler monkeys
  5 bullfrog zombies (D:6)
  4 lava snakes (Lair:3)
  8 centaur zombies
  4 jellies
  A gnoll shaman (D:8)
  4 hounds
  3 orc priests
  Crazy Yiuf (D:7)
  3 bullfrog skeletons
  A centaur skeleton (D:6)
  Natasha (thrice) (D:2)
  An iguana (D:6)
  8 orc wizards
  3 killer bee zombies
  2 hound skeletons (D:4)
  A mummy (D:14)
  Robin (D:4)
  8 gnolls
  2 howler monkey skeletons
  4 adders
  4 ufetubi
  4 dart slugs
  25 orcs
  4 ball pythons
  6 endoplasms
  2 giant cockroaches
  17 goblins
  11 hobgoblins
  2 quokkas
  5 bats
  4 frilled lizards (D:2)
  17 kobolds
  6 rats
  A spectral hobgoblin (D:11)
  A briar patch (Swamp:2)
495 creatures vanquished.

Vanquished Creatures (collateral kills)
  A thorn hunter (Swamp:2)
  A fenstrider witch (Swamp:3)
  A bunyip (Swamp:2)
  An eleionoma (Swamp:2)
  A fire dragon (D:14)
  A shambling mangrove (Swamp:2)
  A hydra (Swamp:4)
  A ghost crab (Swamp:4)
  A centaur warrior (D:14)
  3 alligators
  A skeletal warrior (D:14)
  2 goliath frogs
  A deep troll (D:14)
  3 spriggan druids
  3 swamp dragons
  A deep elf archer (D:14)
  A bog body (Swamp:3)
  A necromancer (D:15)
  A wizard (D:15)
  A sphinx zombie (D:15)
  2 orc knights (D:15)
  An ugly thing (D:14)
  4 will-o-the-wisps (Swamp:3)
  2 cyclopes
  A frost giant skeleton (D:15)
  A guardian mummy (D:15)
  5 tyrant leeches
  5 hornets
  3 slime creatures (D:15)
  5 spriggans
  2 vampire mosquitoes (D:15)
  A swamp worm (Swamp:2)
  A human zombie (D:15)
  An orc warrior (D:15)
  An orc priest (D:15)
  2 orcs (D:15)
  A goblin (D:14)
  A briar patch (Swamp:2)
  A plant (Swamp:2)
67 creatures vanquished.

Vanquished Creatures (others)
  3 orc knights
  A lindwurm (Swamp:4)
  2 orc priests
  5 bloated husks
  A vampire mosquito (D:15)
  3 orc wizards
  3 orc warriors
  4 orcs
  31 foxfires (Swamp:3)
  35 fungi
  72 plants
  6 withered plants
166 creatures vanquished.

Grand Total: 728 creatures vanquished

Notes
Turn   | Place    | Note
-------+----------+-------------------------------------------
     0 | D:1      | Htamos the Hill Orc Fighter began the quest for the Orb.
     0 | D:1      | Reached XP level 1. HP: 19/19 MP: 1/1
   253 | D:1      | Htamos: !bat
   253 | D:1      | Htamos: @bat
   253 | D:1      | Htamos: @ bat
   257 | D:1      | Reached skill level 3 in Axes
   280 | D:1      | Reached XP level 2. HP: 27/27 MP: 2/2
   961 | D:1      | Reached XP level 3. HP: 33/33 MP: 3/3
  1561 | D:2      | Noticed Natasha
  1565 | D:2      | Killed Natasha
  1566 | D:2      | Reached XP level 4. HP: 33/41 MP: 4/4
  1823 | D:2      | Noticed Sigmund
  1835 | D:2      | Killed Sigmund
  1836 | D:2      | Reached skill level 5 in Fighting
  1836 | D:2      | Reached skill level 4 in Axes
  1836 | D:2      | Reached skill level 1 in Dodging
  1836 | D:2      | Reached XP level 5. HP: 28/48 MP: 5/5
  1836 | D:2      | Reached XP level 6. HP: 33/56 MP: 6/6
  2159 | D:2      | Noticed Natasha
  2169 | D:2      | Killed Natasha
  2199 | D:2      | Found a blossoming altar of Fedhas.
  2202 | D:2      | Reached skill level 5 in Axes
  2204 | D:2      | Found a faded altar of an unknown god.
  2353 | D:2      | Noticed Natasha
  2367 | D:2      | Killed Natasha
  2551 | D:3      | Found a runed translucent door.
  2676 | D:3      | Noticed ZeuX's ghost (amateur SpWr)
  2699 | D:3      | Killed ZeuX's ghost
  3111 | D:3      | Found a blossoming altar of Fedhas.
  3131 | D:3      | Found a glowing golden altar of the Shining One.
  3133 | D:3      | Found a snail-covered altar of Cheibriados.
  3137 | D:3      | Found a hide-covered altar of Uskayaw.
  3138 | D:3      | Found a shadowy altar of Dithmenos.
  3138 | D:3      | Found a sparkling altar of Nemelex Xobeh.
  3139 | D:3      | Found an iron altar of Okawaru.
  3452 | D:4      | Reached XP level 7. HP: 59/62 MP: 7/7
  3531 | D:4      | Noticed Eustachio
  3565 | D:4      | Killed Eustachio
  3566 | D:4      | Reached skill level 6 in Axes
  3759 | D:4      | Noticed Robin
  3776 | D:4      | Killed Robin
  4116 | D:4      | Reached XP level 8. HP: 52/71 MP: 8/8
  4275 | D:4      | Found Zaohorph's Assorted Antiques.
  4291 | D:4      | Bought a curved silver wand for 128 gold pieces
  4481 | D:4      | Reached skill level 5 in Armour
  4481 | D:4      | Reached skill level 5 in Shields
  4564 | D:4      | Noticed Grinder
  4566 | D:4      | Paralysed by something for 4 turns
  4769 | D:4      | Noticed Grinder
  4769 | D:4      | Grinder changed into Grinder the red devil
  4784 | D:4      | Killed Grinder the red devil
  4785 | D:4      | Reached skill level 7 in Axes
  4785 | D:4      | Reached skill level 1 in Evocations
  4952 | D:4      | Found a staircase to the Ecumenical Temple.
  5092 | D:4      | Found an ornate altar of the Wu Jian Council.
  5216 | D:5      | Entered Level 5 of the Dungeon
  5479 | D:5      | Identified the ring of Bonyxaiw {rN+ Str+5 Dex-2}
  5934 | D:5      | Reached skill level 8 in Axes
  5934 | D:5      | Reached XP level 9. HP: 79/81 MP: 9/9
  6649 | D:6      | Identified the +2 falchion "Hill Orc's Bane" {vorpal, rF+++
                  | rC++ rCorr Dex-3}
  6655 | D:6      | Noticed Duvessa
  6675 | D:6      | Killed Duvessa
  6676 | D:6      | Noticed Dowan
  6910 | D:6      | Noticed Dowan
  6910 | D:6      | Dowan changed into Dowan the steam dragon
  6929 | D:6      | Killed Dowan the steam dragon
  7178 | D:6      | Noticed Prince Ribbit
  7191 | D:6      | Killed Prince Ribbit
  7325 | D:6      | Reached skill level 9 in Axes
  7784 | D:6      | Identified the +1 leather armour of the Dropbear {Str+2}
  8330 | D:7      | Reached XP level 10. HP: 90/91 MP: 10/10
  8342 | D:7      | Noticed Menkaure
  8346 | D:7      | Killed Menkaure
  8933 | D:7      | Found a runed translucent door.
  8934 | D:7      | Noticed Crazy Yiuf
  8945 | D:7      | Killed Crazy Yiuf
  9103 | D:8      | Found Jish's Armour Shoppe.
  9106 | D:8      | Bought a +0 kite shield of positive energy for 119 gold
                  | pieces
  9193 | D:8      | Reached skill level 10 in Axes
  9536 | D:8      | Became a worshipper of Beogh the Brigand
  9754 | D:8      | Reached skill level 10 in Fighting
 10107 | D:9      | Identified the +9 dagger of Makhleb's Envy {vorpal, +Blink
                  | rN+ Str-2 Int+3}
 10349 | D:9      | Reached * piety under Beogh
 10963 | D:9      | Reached skill level 11 in Axes
 11468 | D:9      | Reached XP level 11. HP: 79/101 MP: 8/11
 11698 | D:9      | Found a staircase to the Lair.
 11799 | D:10     | Entered Level 10 of the Dungeon
 11799 | D:10     | Found a portal to a secret trove of treasure.
 12067 | D:10     | Identified the +2 robe of the Armoured One {rC+ Str-5 Int+2
                  | Dex+3}
 12205 | D:9      | Reached skill level 5 in Evocations
 12285 | D:10     | Noticed Nergalle
 12297 | D:10     | Killed Nergalle
 12298 | D:10     | Reached skill level 5 in Dodging
 13226 | D:11     | Noticed a boulder beetle
 13246 | D:11     | Killed a boulder beetle
 13247 | D:11     | Reached skill level 12 in Axes
 13355 | D:11     | Found a hazy altar of Hepliaklqana.
 13621 | D:12     | Noticed a boulder beetle
 13621 | D:12     | Noticed a two-headed ogre
 13629 | D:12     | Killed a two-headed ogre
 13650 | D:12     | Killed a boulder beetle
 13710 | D:12     | Noticed a centaur warrior
 13719 | D:12     | Reached ** piety under Beogh
 13724 | D:12     | Killed a centaur warrior
 13785 | D:12     | Noticed a two-headed ogre
 13789 | D:12     | Noticed a two-headed ogre
 13792 | D:12     | Killed a two-headed ogre
 13793 | D:12     | Reached XP level 12. HP: 83/112 MP: 7/12
 13795 | D:12     | Killed a two-headed ogre
 13864 | D:12     | Found a staircase to the Orcish Mines.
 14109 | D:12     | Reached skill level 13 in Axes
 14347 | D:13     | Noticed a centaur warrior
 14359 | D:13     | Killed a centaur warrior
 14655 | D:13     | Noticed a centaur warrior
 14671 | D:13     | Killed a centaur warrior
 14851 | D:13     | Found a glowing silver altar of Zin.
 15158 | D:13     | Noticed a two-headed ogre
 15187 | D:13     | a two-headed ogre changed into a glowing shapeshifter
 15214 | D:13     | Reached XP level 13. HP: 111/119 MP: 11/13
 15278 | D:13     | Noticed a vault guard
 15448 | Lair:1   | Entered Level 1 of the Lair of Beasts
 16460 | D:8      | Bought a +0 plate armour of poison resistance for 378 gold
                  | pieces
 16971 | Lair:2   | Found a staircase to the Snake Pit.
 16975 | Lair:2   | Noticed Fannar
 16979 | Lair:2   | Reached skill level 14 in Axes
 17216 | Lair:2   | Killed Fannar
 18028 | Lair:2   | Reached *** piety under Beogh
 18079 | Lair:2   | Reached XP level 14. HP: 74/129 MP: 14/14
 18293 | Lair:2   | Found a staircase to the Swamp.
 19689 | Lair:2   | Got the Catalogue of Evil Magic
 21429 | Lair:4   | Reached skill level 15 in Axes
 21481 | Lair:4   | Noticed Josephine
 21491 | Lair:4   | Gained mutation: You have large cloven feet. [potion of
                  | mutation]
 21491 | Lair:4   | Gained mutation: You are clumsy. (Dex -2) [potion of
                  | mutation]
 21491 | Lair:4   | Gained mutation: You have an increased reservoir of magic.
                  | (+10% MP) [potion of mutation]
 21500 | Lair:4   | Killed Josephine
 21582 | Lair:4   | Found a bloodstained altar of Trog.
 21646 | Lair:4   | Reached **** piety under Beogh
 22569 | Lair:5   | Found a staircase to the Slime Pits.
 23251 | Lair:5   | Reached skill level 10 in Shields
 24800 | D:13     | Reached skill level 15 in Fighting
 25218 | D:13     | Found a gate to the Vaults.
 25780 | D:14     | Reached skill level 16 in Axes
 25838 | D:14     | Found a shimmering blue altar of Sif Muna.
 26248 | D:14     | Reached XP level 15. HP: 96/141 MP: 11/16
 26249 | D:14     | Noticed a fire giant
 26254 | D:14     | Noticed a tengu reaver
 26686 | D:14     | Killed a tengu reaver
 26982 | D:14     | Killed a fire giant
 27593 | D:14     | Identified the ring of Ezees {rElec Will- rCorr Str+2
                  | Int+2}
 27603 | D:14     | Gained Rocco as an ally
 27695 | D:14     | Noticed Snorg
 27709 | D:14     | Killed Snorg
 27774 | D:14     | Found a snail-covered altar of Cheibriados.
 28351 | D:15     | Entered Level 15 of the Dungeon
 28408 | D:15     | Noticed MirrMurr's ghost (journeyman SpEn)
 28424 | D:15     | Found a transporter.
 28431 | D:15     | Found a staircase to the Depths.
 28462 | D:15     | Reached ***** piety under Beogh
 29029 | D:15     | Found a transporter.
 29068 | D:15     | Found a bloodstained altar of Trog.
 29221 | D:15     | Reached skill level 1 in Invocations
 29745 | Swamp:1  | Entered Level 1 of the Swamp
 29774 | Swamp:1  | Reached skill level 17 in Axes
 31397 | Swamp:2  | Identified Roxanne's Papyrus of Transmutation
 31397 | Swamp:2  | Noticed Roxanne
 31421 | Swamp:2  | Noticed a thorn hunter
 31433 | Swamp:2  | Killed a thorn hunter
 31434 | Swamp:2  | Killed Roxanne
 32340 | Swamp:3  | Reached XP level 16. HP: 142/151 MP: 21/21
 32391 | Swamp:3  | Reached skill level 5 in Invocations
 32810 | Swamp:3  | Identified the +2 leather armour of the Doldrums {+Inv rC-
                  | rN+ Dex+4}
 32840 | Swamp:3  | Noticed a fenstrider witch
 32846 | Swamp:3  | HP: 5/152 [will-o-the-wisp/foxfire (17)]
 32849 | Swamp:3  | Your ally Rocco died
 32849 | Swamp:3  | Killed a fenstrider witch
 33418 | Swamp:4  | Entered Level 4 of the Swamp
 33978 | Swamp:4  | Noticed a thorn hunter
 33991 | Swamp:4  | Killed a thorn hunter
 34355 | Swamp:4  | Gained Learuk as an ally
 34376 | Swamp:4  | HP: 7/152 [poisoned by a swamp dragon (blast of poison)]
 34378 | Swamp:4  | Your ally Learuk died
 34380 | Swamp:4  | HP: 3/152 [poisoned by a swamp dragon (blast of poison)]
 34383 | Swamp:4  | HP: 1/152 [poisoned by a swamp dragon (blast of poison)]
 34839 | Swamp:4  | Noticed a fenstrider witch
 34845 | Swamp:4  | HP: 5/152 [swamp dragon (3)]
 34845 | Swamp:4  | HP: 1/152 [swamp dragon (4)]
 34845 | Swamp:4  | Slain by a fenstrider witch

Illustrated notes

Levels and vault maps discovered:
D:1:      evilmike_arrival_rings, layout_basic
D:2:      layout_basic, ebering_ecumenical_altar_box, basic_altar, uniq_sigmund,
          uniq_natasha
D:3:      layout_loops_corners, grunt_temple_overflow_open,
          ebering_ghost_reflecting_pool, grunt_decor_junction,
          minmay_misc_feat_alley
D:4:      layout_basic, nicolae_wu_jian_immortal_techniques,
          minmay_temple_entry_poolview, serial_shops, kennysheep_little_box,
          grunt_ministairs_15, amcnicky_mini_rare_corridor_liquid,
          serial_bayou_lagoon_b, uniq_eustachio, uniq_grinder, uniq_robin
D:5:      layout_cave_pods, feat_on_display
D:6:      layout_cave_pods, serial_undead, serial_undead_a, serial_undead_a,
          serial_undead_e, serial_undead_a, uniq_duvessa, uniq_prince_ribbit1
D:7:      layout_rooms, nrook_mini_vaults, minivault_5, uniq_menkaure,
          uniq_crazy_yiuf_cottage
D:8:      layout_basic, serial_shops, nicolae_stop_n_shop_1
D:9:      layout_cave_pools, erik_lair_dragon
D:10:     nicolae_cairo_tiling_large_dashed, layout_cross, enter_trove_2,
          uniq_nergalle
D:11:     layout_gridville, nicolae_hepliaklqana_monster_ancestors
D:12:     layout_basic, orc_0_dummy
D:13:     layout_loops_ring, david_vaults_5, nicolae_two_hexagons,
          zin_scriptorium
D:14:     minmay_bad_star, layout_gridville, enter_bailey_5, led_sif_pool,
          slow_altar_2, uniq_snorg
D:15:     gammafunk_depths_entry_grave, layout_small_grid,
          gammafunk_ghost_stat_death, basic_altar
Lair:1:   layout_roguey
Lair:2:   nzn_winding_woodlands_medium [nzn_winding_woodlands_5x5_cross,
          nzn_winding_woodlands_5x15_sawtooth,
          nzn_winding_woodlands_5x5_perimeter,
          nzn_winding_woodlands_5x5_closed_star,
          nzn_winding_woodlands_center_triple_pond,
          nzn_winding_woodlands_hourglass,
          nzn_winding_woodlands_5x5_checkerboard,
          nzn_winding_woodlands_5x15_lazy_stream,
          nzn_winding_woodlands_5x5_three], layout_cave_pods,
          nicolae_swamp_entry_splash_gauntlet, guppyfry_snake_entry_island,
          uniq_fannar
Lair:3:   layout_chaotic_city, nicolae_lair_liquid_snakes
Lair:4:   layout_misc_corridors, basic_altar, lemuel_fruit_tree,
          serial_bayou_shore_a, infiniplex_staircase_pool, uniq_josephine
Lair:5:   layout_regular_city, minmay_slime_entry_pillars, grunt_megastairs_2
Swamp:1:  layout_basic_swamp, infiniplex_staircase_pool_2
Swamp:2:  layout_basic_swamp, nicolae_swamp_some_circles, swamp_pool3,
          uniq_roxanne
Swamp:3:  layout_basic_swamp, evilmike_swamp_ruin_rubble_1, swamp_pool2,
          nicolae_swamp_spooky_pond
Swamp:4:  swamp_alternative, layout_basic_swamp,
          portal_ice_cave_entry_pillars_four

Skill      XL: |  1  2  3  4  5  6  7  8  9 10 11 12 13 14 15 16 |
---------------+-------------------------------------------------+-----
Axes           | 3 4 5 6 8 9 11 12 13 14 16 17 | 17.4
Fighting       | 4 5 6 7 9 10 12 13 15 16 | 16.5
Armour         | 4 5 6 7 8 12 13 14 | 14.3
Dodging        | 1 2 3 4 5 6 7 8 |  8.3
Shields        | 4 5 6 7 8 9 10 11 | 11.4
Evocations     | 2 3 4 5 6 8 |  8.7
Invocations    | 4 6 |  6.5

Action                   |  1- 3 |  4- 6 |  7- 9 | 10-12 | 13-15 | 16-18 || total
-------------------------+-------+-------+-------+-------+-------+-------++-------
Melee: War axe           |    67 |   102 |   345 |   164 |   994 |    29 ||  1701
       Short sword       |    10 |       |       |       |       |       ||    10
       Hand axe          |       |       |    86 |    43 |   221 |    42 ||   392
       Dagger            |       |       |       |   261 |   112 |       ||   373
       Kick              |       |       |       |       |   273 |    30 ||   303
Invok: Convert to Beogh  |       |       |       |     1 |       |       ||     1
       Smiting           |       |       |       |       |     3 |     5 ||     8
       Recall Orcish Fol |       |       |       |       |     5 |     5 ||    10
Evoke: Wand              |       |     4 |    10 |    61 |    38 |    21 ||   134
  Use: Potion            |       |     3 |     2 |     5 |    15 |     1 ||    26
       Scroll            |       |     2 |     6 |    10 |    19 |     3 ||    40
 Stab: Paralysed         |       |       |       |    16 |       |       ||    16
       Distracted        |       |       |       |       |     6 |     2 ||     8
Armor: Scale mail        |    27 |    42 |    33 |       |       |       ||   102
       Chain mail        |       |       |   183 |    22 |       |       ||   205
       Plate armour      |       |       |       |   124 |   539 |    52 ||   715
       Troll leather arm |       |       |       |    92 |    17 |     7 ||   116
Dodge: Dodged            |    28 |    51 |   199 |   203 |   362 |    36 ||   879
Block: Buckler           |    17 |    26 |    99 |    11 |       |       ||   153
       Kite shield       |       |       |       |   240 |   607 |    50 ||   897

Table legend: (Time is in decaauts)
 A = Elapsed time spent in this place.
 B = Non-inter-level travel time spent in this place.
 C = Inter-level travel time spent in this place.
 D = Time resting spent in this place.
 E = Time spent auto-exploring this place.
 F = Levels seen in this place.
 G = Mean time per level.
                   A        B        C        D        E       F      G
               +--------+--------+--------+--------+--------+-----+--------+
         Total |  34893 |  33076 |   1817 |   4490 |  22640 |  24 | 1453.9 |
       Dungeon |  21085 |  19737 |   1348 |   2097 |  13856 |  15 | 1405.7 |
          Lair |   8733 |   8336 |    397 |    977 |   5806 |   5 | 1746.6 |
         Swamp |   5074 |   5004 |     70 |   1415 |   2977 |   4 | 1268.5 |
               +--------+--------+--------+--------+--------+-----+--------+

Top non-repeatable levels by time:
  Lair:2: 3122 daAuts
    D:14: 3009 daAuts
     D:4: 2080 daAuts
    D:13: 1984 daAuts
 Swamp:3: 1862 daAuts
     D:9: 1858 daAuts
     D:6: 1844 daAuts
  Lair:5: 1807 daAuts
  Lair:1: 1661 daAuts
 Swamp:2: 1488 daAuts
     D:8: 1330 daAuts
     D:2: 1271 daAuts
     D:5: 1254 daAuts
  Lair:3: 1149 daAuts
     D:1: 1143 daAuts
